 Dungeon Crawl Stone Soup version 0.22.1-1-ga44c0e5 (webtiles) character file.

60 SkarinSkye the Covered (level 3, -3/34 HPs)
             Began as a Deep Dwarf Fighter on Oct 23, 2018.
             Slain by Jaiteiro's ghost (4 damage)
             ... on level 3 of the Dungeon on Oct 25, 2018.
             The game lasted 00:07:58 (1891 turns).

SkarinSkye the Covered (Deep Dwarf Fighter)         Turns: 1891, Time: 00:07:59

Health: -3/34      AC:  8    Str: 20    XL:     3   Next: 80%
Magic:  2/2        EV:  7    Int:  8    God:
Gold:   111        SH:  9    Dex: 12    Spells: 2/2 levels left

rFire    . . .     SeeInvis .   a - +0 war axe
rCold    . . .     Gourm    .   c - +0 shield
rNeg     . . .     Faith    .   b - +0 scale mail
rPois    .         Spirit   .   (no helmet)
rElec    .         Reflect  .   h - +0 cloak
rCorr    .         Harm     .   (no gloves)
MR       .....                  (no boots)
Stlth    ..........             (no amulet)
HPRegen  0.00/turn              (no ring)
MPRegen  0.08/turn              (no ring)

@: non-regenerating
A: damage resistance, heal wounds, sense surroundings 1, no regeneration
a: Heal Wounds


You were on level 3 of the Dungeon.
You were not hungry.

You visited 1 branch of the dungeon, and saw 3 of its levels.

You collected 111 gold pieces.

Inventory:

Hand Weapons
 a - a +0 war axe (weapon)
Armour
 b - a +0 scale mail (worn)
 c - a +0 shield (worn)
 h - a +0 cloak (worn)
Jewellery
 e - an uncursed ring of protection from magic {unknown}
 o - a cursed ring of attention {unknown}
Scrolls
 g - a scroll of immolation {unknown}
 i - 3 scrolls of teleportation {unknown}
 m - 2 scrolls of noise {unknown}
 n - 4 scrolls of identify {unknown}
 t - a scroll of enchant armour {unknown}
Potions
 d - 4 potions of might
 j - a potion of ambrosia {unknown}
 k - 4 potions of resistance {unknown}
 l - a potion of heal wounds {unknown}
 p - a potion of curing {unknown}
 q - a potion of degeneration {unknown}
 r - 2 potions of mutation {unknown}
 s - a potion of agility {unknown}
Comestibles
 f - 3 rations


   Skills:
 + Level 3.2 Fighting
 + Level 3.2 Axes
 + Level 3.9 Armour
 + Level 0.2 Dodging
 + Level 3.4 Shields


You had 2 spell levels left.
You didn't know any spells.
Your spell library was empty.

Dungeon Overview and Level Annotations

Branches:
Dungeon (3/15)

Altars:
Wu Jian

Annotations:
D:3 Jaiteiro's ghost, amateur GrFi


Innate Abilities, Weirdness & Mutations

You are resistant to damage.
You can heal yourself by infusing magical energy.
You passively map a small area around you.
You do not regenerate.


Message History

Jaiteiro's ghost is moderately damaged.
Jaiteiro's ghost hits you. You block Jaiteiro's ghost's attack.
You slash Jaiteiro's ghost!
Jaiteiro's ghost is heavily damaged.
Jaiteiro's ghost hits you!
You barely miss Jaiteiro's ghost.
Jaiteiro's ghost is heavily damaged.
Jaiteiro's ghost hits you!
* * * LOW HITPOINT WARNING * * *
You hit Jaiteiro's ghost but do no damage.
Jaiteiro's ghost is heavily damaged.
You block Jaiteiro's ghost's attack. Jaiteiro's ghost hits you!
* * * LOW HITPOINT WARNING * * *
You hit Jaiteiro's ghost but do no damage.
Jaiteiro's ghost is heavily damaged.
Jaiteiro's ghost closely misses you.
You closely miss Jaiteiro's ghost.
Jaiteiro's ghost is heavily damaged.
Jaiteiro's ghost hits you.
You die...

, .#.. * , ,,
... ,,, *
,#..## ### * ,
* , ...##..## *
* , #..#.≈#.#*
, #..#.⌠..##
#.%'≈.≈[.# , ,
#.@W.#..## * *
##.#..≈≈≈#
#####.#%..### *
###.....#.##.#
* , * ,
........#######
,
..............#
* ,
.#.####...#####
* ,* *#, #...#
* * #...#


You could see Jaiteiro's ghost.

Vanquished Creatures
  4 dancing weapons (D:2)
  An adder (D:2)
  2 oozes
  A dart slug (D:3)
  2 leopard geckos (D:1)
  2 giant cockroaches
  8 goblins
  6 hobgoblins
  2 quokkas
  2 bats (D:1)
  3 frilled lizards (D:2)
  5 kobolds
  3 rats (D:1)
41 creatures vanquished.

Notes
Turn   | Place    | Note
-------+----------+-------------------------------------------
     0 | D:1      | SkarinSkye the Deep Dwarf Fighter began the quest for the
                  | Orb.
     0 | D:1      | Reached XP level 1. HP: 20/20 MP: 1/1
   363 | D:1      | Reached XP level 2. HP: 25/27 MP: 2/2
  1189 | D:2      | Reached XP level 3. HP: 26/34 MP: 3/3
  1387 | D:2      | Found an ornate altar of the Wu Jian Council.
  1396 | D:2      | Became a worshipper of the Wu Jian Council
  1438 | D:2      | Fell from the grace of Wu Jian
  1602 | D:2      | Noticed a great sword of flaming
  1602 | D:2      | Noticed a rapier of freezing
  1602 | D:2      | Noticed a quarterstaff of electrocution
  1602 | D:2      | Noticed a great sword of speed
  1618 | D:2      | Killed a great sword of speed
  1621 | D:2      | Killed a great sword of flaming
  1623 | D:2      | Killed a quarterstaff of electrocution
  1654 | D:2      | Killed a rapier of freezing
  1878 | D:3      | Found a large runed door.
  1878 | D:3      | Found a large runed door.
  1880 | D:3      | Noticed Jaiteiro's ghost (amateur GrFi)
  1889 | D:3      | HP: 1/34 [Jaiteiro's ghost (7)]
  1891 | D:3      | Slain by Jaiteiro's ghost

Skill      XL: |  1  2  3 |
---------------+----------+-----
Fighting       | 3 |  3.2
Axes           | 3 |  3.2
Armour         | |  3.9
Dodging        | |  0.2
Shields        | |  3.4

Action                   || total
-------------------------++-------
Melee: War axe           ||   122
Invok: Renounce Religion ||     1
 Abil: Heal Wounds       ||     1
  Eat: Ration            ||     1
Armor: Scale mail        ||    55
Dodge: Dodged            ||    31
Block: Shield            ||    64
